 Dungeon Crawl Stone Soup version 0.28.0-53-g5a82cb258f (webtiles) character file.

Game seed: 7869172728174243281

32 mortz the Sneak (level 3, -5/16 HPs)
             Began as a Spriggan Enchanter on July 21, 2022.
             Slain by a worm (10 damage)
             ... on level 2 of the Dungeon.
             The game lasted 00:09:06 (1737 turns).

mortz the Sneak (Spriggan Enchanter)                Turns: 1737, Time: 00:09:06

Health: -5/16      AC:  2    Str:  4    XL:     3   Next: 8%
Magic:  7/8        EV: 17    Int: 18    God:
Gold:   71         SH:  0    Dex: 15    Spells: 5/7 levels left

rFire   . . .      SeeInvis +   a - +1 dagger {short}
rCold   . . .      Faith    .   (no shield)
rNeg    . . .      Spirit   .   b - +0 robe
rPois   .          Reflect  .   (helmet restricted)
rElec   .          Harm     .   (no cloak)
rCorr   .          Rampage  .   (gloves unavailable)
Will    .....                   (boots unavailable)
Stlth   +++.......              (no amulet)
HPRegen 0.05/turn               (no ring)
MPRegen 0.11/turn               (no ring)

@: very quick
A: very small, no large weapons, unfitting armour, see invisible, speed 3
a: no special abilities


You were on level 2 of the Dungeon.
You visited 1 branch of the dungeon, and saw 2 of its levels.

You collected 71 gold pieces.


Innate Abilities, Weirdness & Mutations

You are very small and have problems with some larger weapons.
You are too small for most types of armour.
You have supernaturally acute eyesight. (SInv)
You cover ground extremely quickly. (Speed+++)


   Skills:
 + Level 0.1 Fighting
 + Level 1.7 Short Blades
 + Level 3.1 Dodging
 + Level 5.1 Stealth
 + Level 2.9 Spellcasting
 + Level 3.9 Hexes


You had 5 spell levels left.
You knew the following spells:

 Your Spells              Type           Power      Damage    Failure   Level
a - Ensorcelled Hibernat  Hex/Ice        18%        N/A       11%         2

Your spell library contained the following spells:

 Spells                   Type           Power      Damage    Failure   Level
 Confusing Touch          Hex            17%        N/A       10%         3
 Tukima's Dance           Hex            17%        N/A       10%         3
 Dazzling Flash           Conj/Hex       18%        N/A       22%         3

Inventory:

Hand Weapons
 a - a +1 dagger (weapon) {short}
Missiles
 d - a stone (quivered) {throwing}
 j - 8 poisoned darts {throwing}
Armour
 b - a +0 robe (worn)
 g - a +0 leather armour
   (You found it on level 1 of the Dungeon)
Scrolls
 e - a scroll of enchant weapon {unknown}
 i - a scroll of fog {unknown}
Potions
 c - a potion of invisibility
 f - a potion of haste {@q3}
 h - a potion of curing {unknown}

Dungeon Overview and Level Annotations

Branches:
Dungeon (2/15)

Altars:

#......##########
######..........#
#..........#
##.....†....#
#...........#
#...........#
#...........#
#...........#
########..@........#
.........w.####......
.#######.### ..####
#.# ..#
#######.######..#
................#
#######.#######.#
#............###
#.##.###.#.#.#.#


You could see a worm.


Message History

A hobgoblin comes into view. 😎 MP[+2]
Your mp is fully restored (6).
The hobgoblin shouts!
Casting: Ensorcelled Hibernation (safe; 13% risk of failure)
Confirm with . or Enter, or press ? or * to list all spells.
Aiming: Ensorcelled Hibernation (safe; 13% risk of failure)
Press: ? - help, Shift-Dir - straight line, f - hobgoblin
Aim: a hobgoblin (chance to affect: 59%)
The hobgoblin resists with significant effort.
The hobgoblin barely misses you. 😎 MP[-2]
You lost 2 mp, and now have 4/6 mp.
Casting: Ensorcelled Hibernation (safe; 13% risk of failure)
Confirm with . or Enter, or press ? or * to list all spells.
Aiming: Ensorcelled Hibernation (safe; 13% risk of failure)
Press: ? - help, Shift-Dir - straight line, f/p - hobgoblin
Aim: a hobgoblin (chance to affect: 59%)
The hobgoblin looks drowsy... 😎 MP[-2]
You lost 2 mp, and now have 2/6 mp.
The helpless hobgoblin fails to defend itself.
You impale the hobgoblin!!
You kill the hobgoblin!
A frilled lizard comes into view. 😎 MP[+4]
Your mp is fully restored (6).
A dart slug, a jackal and a worm come into view.
A worm comes into view.
Found a stone staircase leading down.
The helpless frilled lizard fails to defend itself.
You impale the frilled lizard!!
You kill the frilled lizard!
Your Stealth skill increases to level 5!
You have reached level 3!
Your experience leads to an increase in your attributes!
Increase (S)trength, (I)ntelligence, or (D)exterity?
You feel clever. x2 😎 HP[+3] MP[+2]
You now have 16 max hp (+3).
Your hp is fully restored (16).
Your mp is fully restored (8).
The helpless worm fails to defend itself.
You impale the worm!!
You kill the worm!
The jackal barks!
Casting: Ensorcelled Hibernation (safe; 11% risk of failure)
Confirm with . or Enter, or press ? or * to list all spells.
Aiming: Ensorcelled Hibernation (safe; 11% risk of failure)
Press: ? - help, Shift-Dir - straight line, f - dart slug
Aim: a dart slug (wandering, hasn't noticed you, chance to affect: 61%)
The dart slug resists with significant effort. 😎 MP[-2]
You lost 2 mp, and now have 6/8 mp.
You hit the dart slug. The dart slug closely misses you.
You hit the dart slug. The dart slug barely misses you.
You hit the dart slug. You completely miss the dart slug.
The dart slug launches a dart at you. The slug dart misses you.
You hit the dart slug but do no damage. The dart slug barely misses you.
The worm bites you! 😮 HP[-7]
You take 7 damage, and now have 9/16 hp.
MASSIVE DAMAGE!! (PAUSE)
The jackal stops to sniff the ground.
The dart slug launches a dart at you.
The slug dart misses you. 😮 MP[+1] 😮 HP[+1]
You start resting. 😮 MP[+1]
Your mp is fully restored (8).
You start resting.
A worm is nearby! 😮 HP[+1]
Casting: Ensorcelled Hibernation (safe; 11% risk of failure)
Confirm with . or Enter, or press ? or * to list all spells.
Aiming: Ensorcelled Hibernation (safe; 11% risk of failure)
Press: ? - help, Shift-Dir - straight line, f - worm
Aim: a worm (chance to affect: 51%)
The worm resists with some effort. 😮 MP[-2]
You lost 2 mp, and now have 6/8 mp.
You hit the worm but do no damage. The worm barely misses you.
You hit the worm. The worm bites you.
* * * LOW HITPOINT WARNING * * *
😨 HP[-6]
You take 6 damage, and now have 5/16 hp.
MASSIVE DAMAGE!! (PAUSE)
You barely miss the worm. You hit the worm but do no damage.
The worm misses you.
You hit the worm. You hit the worm. The worm closely misses you.
You hit the worm. You hit the worm. The worm closely misses you.
You hit the worm. 😨 MP[+1]
You hit the worm. The worm bites you!
Ouch! That really hurt!
You die...

Skill      XL: |  1  2 |
---------------+-------+-----
Dodging        | 3 |  3.1
Stealth        | 5 |  5.1
Fighting       | |  0.1
Short Blades   | |  1.7
Spellcasting   | |  2.9
Hexes          | |  3.9

Action                   || total
-------------------------++-------
Melee: Dagger            ||    73
       Punch             ||     3
 Cast: Ensorcelled Hiber ||    13
  Use: Scroll            ||     3
 Stab: Sleeping          ||    15
Armor: Robe              ||     5
Dodge: Dodged            ||    59

Levels and vault maps discovered:
D:1:      mrwooster_arrival_statue_3, layout_loops_corners,
          ebering_ecumenical_altar_webs
D:2:      layout_basic, st_stairs_9

Notes
Turn   | Place    | Note
-------+----------+-------------------------------------------
     0 | D:1      | mortz the Spriggan Enchanter began the quest for the Orb.
     0 | D:1      | Reached XP level 1. HP: 9/9 MP: 5/5
     0 | D:1      | magus.rc [v1.9.6]
    72 | D:1      | Found a faded altar of an unknown god.
   308 | D:1      | magus.rc [v1.9.6]
   317 | D:1      | Reached skill level 3 in Dodging
   390 | D:1      | Reached XP level 2. HP: 13/13 MP: 6/6
   393 | D:1      | Learned a level 2 spell: Ensorcelled Hibernation
  1676 | D:2      | Reached skill level 5 in Stealth
  1676 | D:2      | Reached XP level 3. HP: 16/16 MP: 8/8
  1737 | D:2      | Slain by a worm

Vanquished Creatures
  A worm (D:2)
  A bat (D:1)
  5 endoplasms
  A giant cockroach (D:1)
  A goblin (D:1)
  3 hobgoblins
  3 jackals (D:1)
  A kobold (D:1)
  A quokka (D:2)
  4 ball pythons
  A frilled lizard (D:2)
  A rat (D:1)
23 creatures vanquished.

Table legend:
 A = Non-vault XP
 B = Vault XP
 C = Vault XP percentage of total XP
 D = Non-vault monster count
 E = Vault monster count
 F = Vault count percentage of total count
                 A         B        C        D         E       F
            +---------+---------+-------+---------+---------+-------
      Total |      40 |       6 |  13.0 |      21 |       2 |   8.7
            +---------+---------+-------+---------+---------+-------
        D:1 |      30 |       0 |   0.0 |      16 |       0 |   0.0
        D:2 |      10 |       6 |  37.5 |       5 |       2 |  28.6
            +---------+---------+-------+---------+---------+-------

Illustrated notes

Table legend:
 A = Kills in this place as a percentage of kills in entire the game.
 B = Kills by you in this place as a percentage of kills by you in the entire game.
 C = Kills by friends in this place as a percentage of kills by friends in the entire game.
 D = Other kills in this place as a percentage of other kills in the entire game.
 E = Experience gained in this place as a percentage of experience gained in the entire game.
 F = Experience gained in this place divided by the number of levels of this place that you have seen.
                   A       B       C       D       E      F
               +-------+-------+-------+-------+-------+----------------------
         Total | 100.0 | 100.0 |   N/A |   N/A | 100.0 |  23.0
       Dungeon | 100.0 | 100.0 |   N/A |   N/A | 100.0 |  23.0
               +-------+-------+-------+-------+-------+----------------------

Table legend: (Time is in decaauts)
 A = Elapsed time spent in this place.
 B = Non-inter-level travel time spent in this place.
 C = Inter-level travel time spent in this place.
 D = Time resting spent in this place.
 E = Time spent auto-exploring this place.
 F = Levels seen in this place.
 G = Mean time per level.
                   A        B        C        D        E       F      G
               +--------+--------+--------+--------+--------+-----+--------+
         Total |   1300 |   1236 |     64 |    119 |    896 |   2 |  650.0 |
       Dungeon |   1300 |   1236 |     64 |    119 |    896 |   2 |  650.0 |
               +--------+--------+--------+--------+--------+-----+--------+

Top non-repeatable levels by time:
     D:1: 1037 daAuts
     D:2: 263 daAuts
